 Dungeon Crawl Stone Soup version 0.26-a0-639-g72c4674329 (webtiles) character file.

Game seed: 1319641520420564300

111 MrRokkomies the Firebug (level 4, -3/33 HPs)
             Began as a Demigod Fire Elementalist on Sept 16, 2020.
             Killed from afar by an orc wizard (6 damage)
             ... with a magic dart
             ... on level 3 of the Dungeon.
             The game lasted 00:04:43 (3049 turns).

MrRokkomies the Firebug (Demigod Fire Elementalist) Turns: 3049, Time: 00:04:43

Health: -3/33      AC:  9    Str: 20    XL:     4   Next: 36%
Magic:  3/10       EV: 13    Int: 21    God:
Gold:   54         SH:  0    Dex: 16    Spells: 6/7 levels left

rFire    . . .     SeeInvis .   f - +0 dagger
rCold    . . .     Faith    .   (no shield)
rNeg     . . .     Spirit   .   a - +0 robe
rPois    .         Reflect  .   m - +1 helmet
rElec    .         Harm     .   (no cloak)
rCorr    .         Rampage  .   d - +0 pair of gloves {Str+3}
MR       .....                  (no boots)
Stlth    +.........             (no amulet)
HPRegen  0.11/turn              e - +6 ring of strength
MPRegen  0.12/turn              n - +4 ring of protection

@: confused
A: high mp 1
a: no special abilities


You were on level 3 of the Dungeon.
You visited 1 branch of the dungeon, and saw 3 of its levels.

You collected 54 gold pieces.

Inventory:

Hand Weapons
 f - a +0 dagger (weapon)
Missiles
 c - 14 poisoned darts (quivered)
Armour
 a - a +0 robe (worn)
 d - a +0 pair of gloves of strength (worn)
 m - a +1 helmet (worn)
Jewellery
 e - a +6 ring of strength (left hand)
 n - a +4 ring of protection (right hand)
Scrolls
 b - 4 scrolls of identify {unknown}
 g - a scroll of fear {unknown}
 h - 2 scrolls of enchant armour {unknown}
 i - a scroll of fog {unknown}
 j - a scroll of amnesia {unknown}


   Skills:
 + Level 2.4 Dodging
 - Level 1.7 Stealth
 + Level 2.3 Spellcasting
 * Level 2.3 Conjurations
 * Level 3.6 Fire Magic


You had 6 spell levels left.
You knew the following spells:

 Your Spells              Type           Power        Failure   Level
a - Foxfire               Conj/Fire      ##..         4%          1

Your spell library contained the following spells:

 Spells                   Type           Power        Failure   Level
 Conjure Flame            Conj/Fire      ##......     13%         3
 Inner Flame              Hex/Fire       #.......     21%         3
 Sticky Flame             Conj/Fire      ##......     38%         4
 Fireball                 Conj/Fire      ##........   75%         5


Dungeon Overview and Level Annotations

Branches:
Dungeon (3/15)


Innate Abilities, Weirdness & Mutations

You have an increased reservoir of magic. (+10% MP)


Message History

Throwing (i - inventory)
c - 15 poisoned darts (quivered)
Press: ? - help, Shift-Dir - straight line, f - orc
Aim: an orc, wielding a +0 club and wearing a +0 scale mail (heavily wounded)
You throw a poisoned dart.
The poisoned dart barely misses the orc.
You hear some strange, mumbled words.
Something tries to affect you, but you resist.
You hear some strange, mumbled words.
You are confused.
You're too confused to cast spells.
Unknown command.
Unknown command.
You hear some strange, mumbled words.
A puff of flame appears from out of thin air!
The puff of flame hits you.
* * * LOW HITPOINT WARNING * * *
Unknown command.
A magic dart appears from out of thin air!
The magic dart hits you.
You die...

#..........#.#
######...#.##.#
.......o#.## ..
.######g### ##
##'## ##.o{##
##.....##
##.......## .
#.(....@..# ...
+........<+
.....##.....<...#
#.....†........##
##....##......##
#.... #.#...##
#.._ #.##+## ###
#.# #.#


You could see 2 orcs and a goblin.

Vanquished Creatures
  A hound (D:3)
  Robin (D:2)
  3 worms (D:2)
  A dart slug (D:1)
  2 orcs (D:3)
  3 bats
  2 giant cockroaches
  9 hobgoblins
  3 jackals (D:2)
  4 kobolds (D:1)
  3 quokkas (D:2)
  2 frilled lizards (D:2)
  12 goblins
  5 rats
51 creatures vanquished.

Vanquished Creatures (others)
  An orc (D:3)
  174 foxfires
175 creatures vanquished.

Grand Total: 226 creatures vanquished

Notes
Turn   | Place    | Note
-------+----------+-------------------------------------------
     0 | D:1      | MrRokkomies the Demigod Fire Elementalist began the quest
                  | for the Orb.
     0 | D:1      | Reached XP level 1. HP: 14/14 MP: 5/5
   133 | D:1      | Reached skill level 1 in Conjurations
   538 | D:1      | Reached XP level 2. HP: 15/20 MP: 0/7
   719 | D:1      | Reached skill level 3 in Fire Magic
  1314 | D:2      | Found a glowing silver altar of Zin.
  1600 | D:2      | Noticed Robin
  1603 | D:2      | Reached XP level 3. HP: 26/26 MP: 0/8
  1699 | D:2      | Found an opulent altar of Gozag.
  1870 | D:2      | HP: 1/26 [Robin/+0 spear (3)]
  2407 | D:2      | Killed Robin
  2875 | D:3      | Found a burning altar of Makhleb.
  2883 | D:3      | Reached XP level 4. HP: 27/33 MP: 4/10
  3049 | D:3      | Killed from afar by an orc wizard

Illustrated notes

Levels and vault maps discovered:
D:1:      onia_arrival_mini_maze, layout_basic, st_stairs_9,
          hangedman_decor_points
D:2:      layout_basic, nicolae_overflow_hidden_temple, lemuel_doored_altar,
          kennysheep_generic_room_7, uniq_robin
D:3:      layout_loops_corners, fiery_altar_vehumet, makhleb_heckhound_becter,
          solitary_fountain, feat_on_display

Skill      XL: |  1  2  3 |
---------------+----------+-----
Conjurations   | 1 2 |  2.3
Dodging        | 2 |  2.4
Fire Magic     | 3 |  3.6
Spellcasting   | 2 |  2.3
Stealth        | |  1.7

Action                   |  1- 3 |  4- 6 || total
-------------------------+-------+-------++-------
Melee: Dagger            |    32 |    25 ||    57
Throw: Dart              |       |     1 ||     1
 Cast: Foxfire           |   101 |    11 ||   112
  Use: Potion            |       |     2 ||     2
 Stab: Sleeping          |     3 |       ||     3
Armor: Robe              |    14 |    26 ||    40
Dodge: Dodged            |    44 |    34 ||    78

Table legend: (Time is in decaauts)
 A = Elapsed time spent in this place.
 B = Non-inter-level travel time spent in this place.
 C = Inter-level travel time spent in this place.
 D = Time resting spent in this place.
 E = Time spent auto-exploring this place.
 F = Levels seen in this place.
 G = Mean time per level.
                   A        B        C        D        E       F      G
               +--------+--------+--------+--------+--------+-----+--------+
         Total |   3049 |   2925 |    124 |    286 |   2124 |   3 | 1016.3 |
       Dungeon |   3049 |   2925 |    124 |    286 |   2124 |   3 | 1016.3 |
               +--------+--------+--------+--------+--------+-----+--------+

Top non-repeatable levels by time:
     D:1: 1586 daAuts
     D:2: 1254 daAuts
     D:3: 209 daAuts
